 Dungeon Crawl Stone Soup version 0.28-a0-479-g5baa6b73be (webtiles) character file.

Game seed: 16112059639836924824

1260 Shayle the Fighter (level 8, -3/89 HPs)
             Began as an Ogre Warper on Sept 18, 2021.
             Slain by a gnoll (11 damage)
             ... on level 5 of the Dungeon.
             The game lasted 00:18:02 (8069 turns).

Shayle the Fighter (Ogre Warper)                    Turns: 8069, Time: 00:18:03

Health: -3/89      AC:  4    Str: 16    XL:     8   Next: 52%
Magic:  4/4        EV:  9    Int: 16    God:
Gold:   254        SH:  0    Dex:  8    Spells: 8/15 levels left

rFire   . . .      SeeInvis .   e - +3 war axe (antimagic)
rCold   . . .      Faith    .   (no shield)
rNeg    . . .      Spirit   .   b - +1 robe
rPois   .          Reflect  .   (helmet restricted)
rElec   .          Harm     .   (no cloak)
rCorr   .          Rampage  .   (gloves unavailable)
Will    .....                   (boots unavailable)
Stlth   +.........              (no amulet)
HPRegen 0.24/turn               (no ring)
MPRegen 0.09/turn               (no ring)

@: lit by a corona, glowing
A: large, unfitting armour, tough skin 1
a: no special abilities


You were on level 5 of the Dungeon.
You visited 1 branch of the dungeon, and saw 5 of its levels.

You collected 254 gold pieces.

Inventory:

Hand Weapons
 a - a +0 spear
 e - a +3 antimagic war axe (weapon)
 r - a +0 giant club
Armour
 b - a +1 robe (worn)
 s - a +2 robe of willpower
Scrolls
 p - a scroll of enchant armour
 q - a scroll of fear
Potions
 c - 3 potions of attraction {unknown}
 h - 2 potions of cancellation
 j - a potion of resistance
 l - a potion of magic
 o - a potion of mutation {unknown}
 u - a potion of degeneration {unknown}


   Skills:
 + Level 8.6 Fighting
 + Level 6.4 Polearms
 - Level 1.0 Throwing
 - Level 2.1 Dodging
 + Level 4.3 Spellcasting
 - Level 2.6 Translocations
 + Level 2.8 Air Magic


You had 8 spell levels left.
You knew the following spells:

 Your Spells              Type           Power      Damage    Failure   Level
a - Blink                 Tloc           N/A        N/A       9%          2
b - Teleport Other        Tloc           12%        N/A       16%         3
c - Poisonous Vapours     Pois/Air       14%        N/A       14%         2

Your spell library contained the following spells:

 Spells                   Type           Power      Damage    Failure   Level
 Corpse Rot               Necr/Air       N/A        N/A       14%         2
 Pain                     Necr           12%        1d4       16%         1
 Gell's Gravitas          Tloc           6%         N/A       16%         3
 Lesser Beckoning         Tloc           12%        N/A       16%         3
 Manifold Assault         Tloc           12%        N/A       83%         5
 Agony                    Necr           3%         N/A       99%         5
 Excruciating Wounds      Necr           1%         N/A       99%         5


Dungeon Overview and Level Annotations

Branches:
Dungeon (5/15)
 Temple: D:4-7

Altars:
Dithmenos
Kikubaaqudgha
Vehumet

Annotations:
D:3 1 runed translucent door, Crazy Yiuf


Innate Abilities, Weirdness & Mutations

You are too large for most types of armour.
You have tough skin. (AC +1)


Message History

The gnoll shaman calls upon its god to speed up the gnoll.
The gnoll seems to speed up.
You barely miss the gnoll shaman.
The gnoll shaman is heavily wounded.
The gnoll shaman calls upon its god to heal the gnoll.
The gnoll is healed somewhat.
You slash the gnoll shaman!
The gnoll shaman is almost dead.
The gnoll shaman calls upon its god to heal the gnoll.
The gnoll's wounds heal themselves!
You slash the gnoll shaman!
You kill the gnoll shaman!
You barely miss the gnoll. You hit the gnoll but do no damage.
The gnoll hits you with a +0 whip. The gnoll barely misses you.
The gnoll misses you. The gnoll hits you with a +0 whip.
You slash the gnoll!
The gnoll is almost dead.
You hit the gnoll but do no damage. The gnoll barely misses you.
The gnoll hits you with a +0 club. The gnoll barely misses you.
The gnoll closely misses you. The gnoll hits you with a +0 club.
You slash the gnoll!
You kill the gnoll!
You barely miss the gnoll. The gnoll barely misses you.
The gnoll hits you from afar with a +0 spear.
The gnoll hits you with a +0 whip. The gnoll misses you.
You closely miss the gnoll. You hit the gnoll.
The gnoll hits you with a +0 whip. The gnoll hits you with a +0 flail!
* * * LOW HITPOINT WARNING * * *
The gnoll hits you from afar with a +0 spear.
* * * LOW HITPOINT WARNING * * *
The gnoll closely misses you. The gnoll hits you with a +0 flail.
* * * LOW HITPOINT WARNING * * *
You hit the gnoll.
The gnoll is heavily wounded.
You hit the gnoll. The gnoll hits you with a +0 whip.
* * * LOW HITPOINT WARNING * * *
The gnoll hits you from afar with a +0 spear.
* * * LOW HITPOINT WARNING * * *
The gnoll hits you with a +0 flail!
You die...

#..........# #....#..... #
#.........## #.......### #
#.........# #....#### #
##.......## #..### # #.......#
#<.## # ##......# #...####### #
#......### #..........
#.....[.g### ##.g.....g..
#########.......@g.###......#####
............######g......(.##
....##....### ###........##
.#######.## ########..#
.#####....## ##.# .....#####.##
#.# ...### ##.# ### #.## ### ###


You could see 3 gnolls.

Vanquished Creatures
  Duvessa (D:5)
  A black bear (D:4)
  An ogre (D:4)
  A phantom (D:4)
  A wyvern zombie (D:5)
  A scorpion (D:4)
  2 water moccasin zombies (D:5)
  Dowan (D:5)
  2 bullfrog skeletons (D:5)
  A bullfrog zombie (D:5)
  3 orc priests (D:3)
  3 hounds
  A gnoll shaman (D:5)
  Natasha (thrice) (D:2)
  An iguana (D:5)
  A hound zombie (D:5)
  A hound skeleton (D:5)
  Robin (D:1)
  3 gnolls
  5 adders
  2 shadow imps (D:5)
  2 ufetubi
  An adder skeleton (D:4)
  A worm (D:2)
  A dart slug (D:1)
  8 orcs (D:3)
  6 ball pythons
  6 bats
  6 endoplasms
  A giant cockroach (D:2)
  9 goblins
  7 hobgoblins
  8 kobolds
  8 quokkas
  6 frilled lizards
  5 rats (D:1)
111 creatures vanquished.

Vanquished Creatures (others)
  7 withered plants (D:2)
7 creatures vanquished.

Grand Total: 118 creatures vanquished

Notes
Turn   | Place    | Note
-------+----------+-------------------------------------------
     0 | D:1      | Shayle the Ogre Warper began the quest for the Orb.
     0 | D:1      | Reached XP level 1. HP: 22/22 MP: 3/3
   200 | D:1      | Reached skill level 3 in Fighting
   206 | D:1      | Reached XP level 2. HP: 28/31 MP: 5/5
   656 | D:1      | Reached XP level 3. HP: 32/39 MP: 2/6
   988 | D:2      | Noticed Robin
   994 | D:1      | Reached skill level 4 in Fighting
   997 | D:1      | Killed Robin
  1420 | D:2      | Reached XP level 4. HP: 35/49 MP: 2/7
  1569 | D:2      | Found a faded altar of an unknown god.
  1584 | D:2      | Noticed Natasha
  1844 | D:2      | Killed Natasha
  1959 | D:2      | Noticed Natasha
  1966 | D:2      | Killed Natasha
  1967 | D:2      | Reached skill level 5 in Fighting
  1967 | D:2      | Reached XP level 5. HP: 49/57 MP: 2/8
  2119 | D:2      | Noticed Natasha
  2128 | D:2      | Killed Natasha
  2779 | D:3      | Found a shadowy altar of Dithmenos.
  3018 | D:3      | Found a runed translucent door.
  3019 | D:3      | Noticed Crazy Yiuf
  3352 | D:3      | Reached skill level 6 in Fighting
  3352 | D:3      | Reached XP level 6. HP: 66/67 MP: 3/9
  3355 | D:3      | Learned a level 2 spell: Blink
  3359 | D:3      | Learned a level 3 spell: Teleport Other
  3798 | D:4      | Noticed a black bear
  3808 | D:4      | Killed a black bear
  3809 | D:4      | Reached skill level 5 in Polearms
  4283 | D:4      | Reached skill level 7 in Fighting
  4283 | D:4      | Reached XP level 7. HP: 26/78 MP: 3/10
  4554 | D:4      | Learned a level 2 spell: Poisonous Vapours
  5208 | D:4      | Reached skill level 1 in Air Magic
  5661 | D:5      | Entered Level 5 of the Dungeon
  5661 | D:5      | Noticed Duvessa
  5661 | D:5      | Noticed Dowan
  6436 | D:5      | Killed Dowan
  6688 | D:5      | Killed Duvessa
  6689 | D:5      | Reached skill level 8 in Fighting
  6689 | D:5      | Reached XP level 8. HP: 11/88 MP: 3/13
  7684 | D:5      | Found a radiant altar of Vehumet.
  7684 | D:5      | Found an ancient bone altar of Kikubaaqudgha.
  8069 | D:5      | Slain by a gnoll

Illustrated notes

Levels and vault maps discovered:
D:1:      onia_arrival_pyramid, layout_basic, amcnicky_mini_rare_corridor_liquid
D:2:      layout_loops_cross, ebering_ecumenical_altar_petrified, uniq_robin,
          uniq_natasha
D:3:      cheibrodos_pilgrimage, layout_basic, mainiacjoe_overflow_alcove_1,
          serial_glass, glass_columns_a, glass_columns_a, minmay_bisected,
          uniq_crazy_yiuf_cottage
D:4:      layout_cave_pods, serial_co_window_serial, co_window_paths_a,
          co_window_of_opportunity_a, co_window_paths_b,
          co_window_of_opportunity_a, co_window_of_opportunity_a,
          co_window_of_opportunity_a, co_window_paths_b,
          co_window_of_opportunity_c, co_window_broadway_c, co_window_paths_c,
          co_window_corner_cb, co_window_of_opportunity_b, co_window_corner_b,
          co_window_corner_cb
D:5:      layout_layer_cave, gammafunk_temple_overflow_elements, uniq_duvessa

Skill      XL: |  1  2  3  4  5  6  7  8 |
---------------+-------------------------+-----
Fighting       | 3 4 5 6 7 8 |  8.6
Polearms       | 3 4 5 6 |  6.4
Air Magic      | 2 |  2.8
Spellcasting   | 3 4 |  4.3
Throwing       | |  1.0
Dodging        | |  2.1
Translocations | |  2.6

Action                   |  1- 3 |  4- 6 |  7- 9 || total
-------------------------+-------+-------+-------++-------
Melee: Spear             |    58 |       |       ||    58
       War axe           |    25 |   169 |   155 ||   349
Throw: Boomerang         |     2 |     3 |       ||     5
  Use: Scroll            |     1 |       |    12 ||    13
       Potion            |       |       |     5 ||     5
Armor: Robe              |    27 |    61 |    40 ||   128
Dodge: Dodged            |    56 |   111 |    89 ||   256

Table legend: (Time is in decaauts)
 A = Elapsed time spent in this place.
 B = Non-inter-level travel time spent in this place.
 C = Inter-level travel time spent in this place.
 D = Time resting spent in this place.
 E = Time spent auto-exploring this place.
 F = Levels seen in this place.
 G = Mean time per level.
                   A        B        C        D        E       F      G
               +--------+--------+--------+--------+--------+-----+--------+
         Total |   8210 |   8010 |    200 |   1536 |   5080 |   5 | 1642.0 |
       Dungeon |   8210 |   8010 |    200 |   1536 |   5080 |   5 | 1642.0 |
               +--------+--------+--------+--------+--------+-----+--------+

Top non-repeatable levels by time:
     D:4: 2358 daAuts
     D:5: 1988 daAuts
     D:1: 1364 daAuts
     D:2: 1337 daAuts
     D:3: 1161 daAuts
